Match 33531384
Unlisted

Match 33531384
End
Selects Italian Coastal Battlegroup
Selects Coastal Reserves
Coastal Reserve
Construct Infanterie Kompanie
MG 42 Machine Gun Team
Coastal Reserve
Construct Panzergrenadier Kompanie
Selects Support Bunkers
251 Medium Carrier
MG 42 Machine Gun Team
Pak 40 Anti-tank Gun Team
Selects Rapid Fortifications
Rapid Fortifications
Medical Bunker
Pioneer Squad
Construct Panzer Kompanie
Selects Bulwark
Rapid Fortifications
MG 42 Bunker
MG 42 Bunker
Anti-tank Bunker
Profeta Afónico
White Conscript
skopcak
Saving Ryan
Bruistablet
BorzoiWitcher
Professor gibberish
WoW
0
0

Comments sign in to comment!

No comments posted yet!